Map: Romanticide LE

Players

Serral

  • Race: Zerg Zerg
  • Spawn Location: 11:00

cure - Winner!

  • Race: Terran Terran
  • Spawn Location: 5:00

VOD

Have the link to the VOD?

Description

Time

  • Played on: Oct. 10, 2020, 10:27 a.m.
  • Length: 19:39
Show
View Real Time Build Order
Export as new Build Order

Serral Zerg 

Build Orders: Hatch First, Muta Ling Bane 

Get SALT Encoding   

  12  0:00  Drone  
  13  0:12  Overlord  
  13  0:17  Drone  
  14  0:30  Drone  
  14  0:31  Drone  
  16  0:48  Hatchery  
  15  0:52  Drone  
  15  0:55  Drone  
  17  0:59  Drone  
  18  1:09  Extractor  
  17  1:14  Spawning Pool  
  17  1:17  Drone  
  17  1:21  Drone  
  18  1:27  Drone  
  19  1:38  Drone  
  20  1:49  Drone  
  21  2:00  Overlord  
  21  2:01  Queen x2  
  25  2:02  Zergling x2  
  26  2:11  Zergling x2  
  26  2:12  Drone  
  26  2:13  Metabolic Boost  
  28  2:21  Drone x2  
  30  2:32  Zergling x2  
  30  2:35  Drone  
  32  2:39  Queen  
  34  2:45  Overlord  
  34  2:46  Drone  
  34  2:47  Extractor  
  34  2:57  Hatchery  
  34  3:01  Drone  
  34  3:02  Drone  
  34  3:04  Drone x2  
  38  3:08  Overlord  
  38  3:11  Drone  
  38  3:12  Drone  
  40  3:14  Drone  
  40  3:16  Drone  
  40  3:19  Drone  
  43  3:21  Drone  
  43  3:26  Queen  
  46  3:31  Queen  
  48  3:36  Overlord  
  48  3:38  Overlord  
  48  3:42  Overlord  
  48  3:46  Drone x2  
  50  3:52  Zergling x4  
  50  3:55  Drone x4  
  56  3:59  Drone  
  57  4:04  Drone  
  57  4:08  Queen, Drone  
  61  4:10  Queen  
  61  4:11  Drone  
  61  4:16  Drone x3  
  67  4:18  Drone  
  67  4:22  Lair  
  67  4:23  Drone  
  69  4:25  Zergling x2  
  69  4:27  Drone x2  
  72  4:31  Baneling Nest, Drone  
  72  4:32  Drone  
  72  4:34  Drone  
  72  4:36  Drone  
  74  4:40  Extractor, Overlord  
  74  4:41  Extractor  
  74  4:45  Zergling x2, Drone  
  74  4:46  Drone x3  
  77  4:55  Zergling x2  
  77  4:56  Drone, Evolution Chamber  
  77  4:57  Drone  
  77  4:59  Overlord  
  79  5:03  Extractor, Hatchery  
  79  5:04  Overlord  
  79  5:06  Drone  
  79  5:07  Zergling x4  
  79  5:12  Zergling x2  
  79  5:14  Zergling x2  
  82  5:16  Baneling x6  
  82  5:17  Zergling x2  
  82  5:21  Centrifical Hooks  
  83  5:22  Zergling x12  
  83  5:27  Overlord  
  89  5:28  Spore Crawler  
  89  5:33  Zergling x6  
  89  5:34  Zergling x4  
  93  5:39  Overseer  
  93  5:45  Overlord  
  93  5:47  Zerg Ground Armor Level 1  
  93  5:50  Extractor, Evolution Chamber  
  93  5:51  Drone x3  
  93  5:54  Drone x5  
  96  5:57  Drone x2  
  96  6:01  Drone x3  
  96  6:02  Overlord  
  99  6:07  Baneling x3  
  99  6:08  Drone x3  
  102  6:13  Extractor  
  102  6:16  Queen  
  102  6:17  Zergling x6  
  102  6:28  Zergling x2  
  102  6:29  Zergling x8  
  104  6:35  Spore Crawler, Zergling x8  
  104  6:36  Zergling x10  
  111  6:41  Spine Crawler  
  111  6:42  Pneumatized Carapace  
  111  6:43  Spire  
  111  6:44  Overseer  
  109  6:47  Spore Crawler, Drone  
  109  6:48  Drone x2  
  109  6:49  Baneling  
  109  6:50  Baneling x2  
  109  6:53  Drone x2  
  109  6:54  Drone  
  114  6:55  Drone  
  114  6:57  Drone x2  
  117  7:07  Drone x2  
  115  7:20  Drone x3  
  114  7:23  Drone x10  
  117  7:40  Drone x3  
  117  7:41  Zerg Melee Weapons Level 1  
  117  7:43  Zerg Ground Armor Level 2  
  120  7:44  Extractor  
  119  7:56  Mutalisk x4  
  119  7:58  Overlord x4  
  127  8:01  Overlord  
  118  8:08  Zerg Flyer Weapons Level 1  
  118  8:10  Overseer  
  117  8:14  Mutalisk x5  
  125  8:24  Mutalisk x4  
  133  8:27  Queen  
  133  8:31  Zergling x16  
  143  8:37  Hatchery  
  143  8:41  Drone x2  
  144  8:46  Baneling  
  144  8:47  Baneling x4  
  144  8:48  Overlord  
  144  8:49  Mutalisk x3  
  144  8:50  Mutalisk  
  144  8:54  Zergling x12  
  158  9:00  Infestation Pit  
  156  9:08  Zergling x10  
  156  9:09  Zergling x6  
  155  9:14  Drone x3  
  155  9:15  Baneling x10  
  149  9:21  Zergling x10  
  154  9:27  Zergling x2  
  153  9:32  Mutalisk x3  
  153  9:33  Mutalisk  
  159  9:40  Zergling x8  
  159  9:45  Hive  
  163  9:48  Queen  
  163  9:49  Drone x3  
  163  9:50  Zerg Melee Weapons Level 2  
  163  9:51  Overlord  
  163  9:52  Overlord x2  
  168  9:58  Zergling x18  
  177  10:02  Mutalisk x2  
  181  10:09  Zerg Flyer Weapons Level 2  
  181  10:11  Zergling x18  
  190  10:18  Zergling x12  
  196  10:25  Spore Crawler, Spine Crawler  
  196  10:28  Baneling x7  
  194  10:29  Baneling  
  194  10:31  Drone  
  194  10:35  Zergling x10  
  196  10:39  Baneling x11  
  200  10:52  Hatchery  
  195  10:57  Mutalisk  
  195  11:04  Mutalisk  
  191  11:08  Zergling x14  
  191  11:10  Burrow  
  200  11:13  Extractor  
  197  11:19  Drone  
  197  11:20  Drone, Zerg Ground Armor Level 3  
  197  11:25  Hatchery, Drone, Adrenal Glands  
  198  11:29  Zergling x8  
  200  11:33  Overlord x2  
  200  11:34  Ultralisk Cavern, Overlord  
  200  11:39  Baneling  
  199  11:40  Baneling x7  
  199  11:43  Baneling x3  
  199  11:44  Overlord x3  
  197  11:50  Zergling x2  
  197  11:51  Zergling x34  
  197  11:53  Baneling x8  
  198  12:01  Drone  
  199  12:11  Spore Crawler  
  199  12:12  Spine Crawler  
  197  12:18  Zerg Melee Weapons Level 3  
  197  12:23  Chitinous Plating  
  197  12:24  Baneling x6  
  197  12:25  Zerg Flyer Armor Level 1  
  184  12:49  Drone x4  
  184  12:50  Extractor  
  184  12:51  Drone x3  
  184  12:54  Baneling x10  
  184  12:57  Ultralisk x2, Zergling x16  
  200  12:58  Overseer  
  200  13:03  Baneling x5  
  200  13:05  Hatchery  
  200  13:09  Zergling x10  
  200  13:12  Baneling x7  
  193  13:24  Zergling x14  
  193  13:25  Zergling x4  
  192  13:41  Anabolic Synthesis  
  192  13:42  Unknown  
  192  13:46  Zergling x34  
  195  13:54  Zergling x2  
  195  13:55  Zergling x4  
  186  14:03  Baneling x13  
  186  14:05  Drone x3  
  186  14:07  Mutalisk x2  
  189  14:10  Zergling x8  
  189  14:11  Zergling x12  
  189  14:13  Baneling x20  
  199  14:19  Zerg Flyer Weapons Level 3  
  199  14:32  Spine Crawler  
  199  14:33  Spore Crawler  
  178  14:46  Ultralisk x3  
  192  14:53  Baneling x7  
  183  15:08  Ultralisk, Zergling x4  
  183  15:10  Zergling x16  
  183  15:14  Baneling x7  
  199  15:18  Baneling  
  199  15:24  Zergling x6  
  199  15:26  Hatchery  
  174  15:36  Zergling x12  
  174  15:37  Zergling x40  
  200  15:49  Overseer  
  200  15:52  Baneling x8  
  199  16:00  Zergling x8  
  199  16:01  Baneling x6  
  200  16:05  Baneling x4  
  200  16:06  Baneling x2  
  197  16:12  Zergling x2  
  197  16:13  Zergling x30  
  197  16:17  Baneling x9  
  191  16:21  Corruptor x2  
  195  16:26  Corruptor x2, Baneling x2  
  197  16:46  Zergling x10  
  197  16:47  Zergling x4  
  199  16:53  Baneling x4  
  193  16:54  Zergling x12  
  187  17:02  Hatchery, Zergling x2  
  187  17:03  Zergling x40  
  187  17:07  Zergling x2  
  187  17:08  Zergling x6  
  196  17:15  Ultralisk, Zergling x4  
  178  17:19  Corruptor x3  
  177  17:23  Corruptor x2, Baneling x7  
  179  17:30  Drone  
  179  17:31  Drone x2  
  182  17:42  Corruptor x4  
  189  17:57  Baneling x4  
  159  18:07  Ultralisk x2, Zergling x22  
  171  18:14  Zergling x14  
  176  18:22  Zergling x14  
  179  18:30  Hatchery  
  177  18:35  Baneling x2  
  166  18:42  Zergling x20  
  158  18:57  Zergling x26  
  161  19:05  Zergling x2  
  152  19:10  Overseer  
  141  19:18  Zergling x6  
  141  19:23  Baneling x7  
Show
View Real Time Build Order
Export as new Build Order

cure Terran - Winner!

Build Orders: Reaper Expand 

Get SALT Encoding   

  12  0:00  SCV  
  13  0:12  SCV  
  14  0:17  Supply Depot  
  14  0:24  SCV  
  15  0:38  SCV  
  15  0:39  Barracks  
  16  0:42  Refinery  
  16  0:50  SCV  
  17  1:02  SCV  
  18  1:14  SCV  
  19  1:26  Reaper  
  19  1:27  Orbital Command  
  20  1:39  Command Center  
  20  1:48  Supply Depot  
  20  1:52  SCV  
  21  1:58  Marine  
  22  2:04  SCV  
  23  2:12  Factory  
  23  2:16  SCV  
  23  2:17  Engineering Bay  
  23  2:21  Barracks Reactor  
  24  2:29  SCV  
  25  2:45  SCV  
  25  2:50  Command Center  
  26  2:53  Orbital Command  
  26  2:58  SCV  
  26  3:06  Barracks  
  26  3:10  SCV  
  26  3:12  Hellion x2  
  31  3:14  Marine  
  31  3:19  SCV  
  33  3:22  SCV  
  33  3:25  Refinery  
  34  3:31  SCV  
  36  3:34  SCV  
  36  3:36  Barracks Tech Lab  
  40  3:43  SCV  
  40  3:45  Refinery  
  40  3:46  SCV  
  38  3:54  Factory Reactor, Marine  
  39  3:57  Stimpack, SCV, Starport  
  39  3:58  SCV  
  39  4:00  Marine x2  
  43  4:04  Orbital Command  
  43  4:09  SCV  
  44  4:10  SCV  
  44  4:13  Marine  
  46  4:18  Marine x2  
  46  4:22  SCV x2  
  50  4:26  Refinery  
  50  4:27  Supply Depot  
  50  4:28  Orbital Command  
  50  4:31  Marine  
  50  4:34  SCV x2  
  50  4:36  Marine x2  
  55  4:39  Factory  
  55  4:41  Armory  
  55  4:43  Medivac  
  55  4:45  Factory Reactor  
  57  4:46  SCV  
  57  4:49  Supply Depot  
  58  4:53  Marine  
  58  4:54  Marine x2  
  58  4:56  Medivac  
  58  4:57  SCV x2  
  58  4:59  SCV  
  66  5:09  SCV x2  
  66  5:11  SCV, Marine  
  66  5:12  Marine  
  66  5:13  Supply Depot  
  66  5:14  Supply Depot  
  71  5:21  SCV x2  
  71  5:23  SCV, Factory Tech Lab  
  71  5:27  Marine  
  71  5:28  Medivac  
  77  5:35  Widow Mine x2, Medivac, Marine x2  
  85  5:37  Supply Depot x2  
  85  5:39  SCV  
  85  5:40  SCV  
  87  5:43  SCV  
  87  5:46  Drilling Claws  
  87  5:47  Widow Mine  
  90  5:57  SCV  
  91  5:58  Engineering Bay x2, SCV x2  
  91  6:03  Marine x3  
  94  6:04  Widow Mine  
  94  6:09  Medivac  
  94  6:10  Medivac  
  100  6:12  SCV x3  
  100  6:14  Widow Mine  
  105  6:21  Supply Depot x2  
  105  6:32  Marine x3  
  104  6:34  Widow Mine x2  
  104  6:35  Widow Mine  
  108  6:44  SCV  
  108  6:45  Supply Depot, SCV  
  110  6:47  Supply Depot, Terran Infantry Weapons Level 1  
  110  6:48  Terran Infantry Armor Level 1  
  110  6:52  Barracks x2  
  110  6:53  SCV  
  111  6:55  Combat Shield  
  111  6:56  Barracks  
  111  6:57  SCV x2, Marine x2  
  111  7:00  Marine  
  118  7:08  Widow Mine  
  118  7:09  Widow Mine x2  
  118  7:15  Marine  
  122  7:19  Marine x2  
  119  7:24  Medivac x2  
  119  7:28  SCV x3  
  124  7:30  Refinery x2, Supply Depot  
  124  7:31  Command Center  
  124  7:33  Marine  
  121  7:37  Marine x2  
  121  7:38  Widow Mine x2  
  121  7:39  Widow Mine  
  125  7:44  Barracks Reactor x3  
  125  7:45  SCV x2  
  125  7:46  SCV  
  125  7:49  Supply Depot  
  125  7:51  Marine  
  127  8:00  Widow Mine x3, Marine x2  
  127  8:04  Medivac x2  
  137  8:09  Sensor Tower, Marine  
  136  8:13  SCV x3  
  133  8:21  Widow Mine x2, Thor, Missile Turret x2  
  133  8:22  Missile Turret  
  140  8:36  Marine x5  
  138  8:42  Widow Mine  
  138  8:43  Widow Mine, Terran Infantry Weapons Level 2  
  138  8:44  Terran Infantry Armor Level 2  
  138  8:45  Barracks  
  138  8:48  Barracks  
  142  8:49  SCV x3, Barracks  
  145  8:57  Marine  
  145  8:58  Marauder, Marine x7  
  155  9:04  Widow Mine x2  
  155  9:09  SCV x2  
  156  9:10  SCV  
  156  9:11  Missile Turret  
  140  9:17  Planetary Fortress  
  140  9:19  Missile Turret  
  140  9:21  SCV x2  
  141  9:26  Marine x4  
  141  9:27  Marauder  
  141  9:30  SCV  
  141  9:33  SCV  
  141  9:34  SCV  
  141  9:37  Medivac x2  
  143  9:42  SCV  
  143  9:43  Barracks Tech Lab x3  
  143  9:45  Widow Mine, Thor  
  148  9:46  Widow Mine, SCV x2, Marine x4  
  148  9:48  Supply Depot, Marauder  
  148  9:50  Supply Depot x2, Sensor Tower  
  162  9:54  SCV x2  
  162  9:58  SCV  
  165  10:01  Missile Turret  
  165  10:04  SCV  
  165  10:05  Marine  
  165  10:06  Marauder, SCV, Marine x2  
  172  10:09  SCV, Marine  
  172  10:11  Supply Depot  
  172  10:12  Supply Depot x2  
  174  10:19  Missile Turret  
  174  10:21  Marine x3, Sensor Tower  
  174  10:22  Marauder x2  
  174  10:23  Missile Turret  
  174  10:28  SCV x2  
  183  10:29  Marauder  
  183  10:30  Concussive Shells  
  183  10:31  Marauder, Marine  
  192  10:35  Widow Mine  
  192  10:36  Widow Mine, Terran Vehicle And Ship Armor Level 1  
  192  10:43  Marauder x2  
  192  10:47  Command Center  
  192  10:49  Marine x4  
  186  11:07  Missile Turret  
  186  11:10  Missile Turret  
  186  11:12  Widow Mine x2, Thor  
  186  11:14  Terran Infantry Weapons Level 3, Marauder x2  
  186  11:16  Terran Infantry Armor Level 3  
  200  11:51  Marauder, Marine x4  
  200  11:52  Marauder x2  
  200  11:53  Widow Mine x2  
  200  11:58  Barracks x2  
  200  12:03  Barracks  
  200  12:17  Missile Turret  
  200  12:18  Missile Turret  
  200  12:19  Missile Turret  
  200  12:20  Marauder  
  200  12:28  Planetary Fortress  
  200  12:41  Marine  
  197  12:46  Marine x2  
  197  12:47  Marauder x2, Marine x2  
  197  12:48  Marine x4  
  197  12:49  Marauder  
  197  12:50  Missile Turret  
  197  12:51  Missile Turret  
  197  12:59  Marine  
  197  13:04  Marine x2  
  200  13:08  Marauder  
  200  13:10  Marauder  
  197  13:14  Marine x3  
  197  13:18  Barracks  
  194  13:21  Widow Mine x3  
  194  13:23  Barracks  
  194  13:24  Barracks  
  200  13:32  Marine x2  
  200  13:37  Marauder  
  200  13:39  Marauder, Marine x3  
  194  13:42  Widow Mine x2, Marine x4  
  194  13:43  Marine  
  178  13:50  Marine  
  178  13:51  Neosteel Armor  
  178  13:52  Marine  
  178  13:53  Hi-Sec Auto Tracking  
  178  13:54  SCV x2  
  178  13:55  SCV x2  
  171  13:57  Marine x3  
  171  13:58  Marauder  
  171  14:00  Marine x3  
  171  14:01  Marauder x3  
  181  14:06  SCV  
  181  14:07  SCV x3  
  181  14:08  Widow Mine x3, Medivac, Marine  
  194  14:10  Marine  
  195  14:22  Barracks Tech Lab x2  
  195  14:24  Command Center  
  195  14:34  Sensor Tower  
  195  14:40  Marauder, Medivac  
  195  14:42  Marauder x2, SCV, Marine x6  
  195  14:48  Missile Turret  
  195  14:51  Missile Turret  
  195  14:56  Marauder, SCV  
  195  14:57  SCV x2  
  195  15:12  Command Center  
  195  15:16  Missile Turret  
  195  15:22  Marine x2  
  195  15:23  Marauder  
  195  15:32  Marine x3  
  195  15:33  Medivac, Marine x7  
  195  15:34  SCV x4  
  195  15:36  Marauder x2  
  195  15:40  Marine  
  200  15:51  Marine  
  200  15:54  Medivac  
  197  15:57  Marauder, Marine  
  197  16:01  Marauder, Marine x3  
  190  16:11  Marine x2  
  190  16:12  Marauder x3, Marine x3  
  190  16:16  Marine  
  199  16:18  Marine  
  199  16:23  Barracks Tech Lab  
  199  16:30  Marine  
  199  16:50  Marauder x2, Marine x4  
  199  16:53  Marine  
  200  16:55  Missile Turret  
  193  17:01  Widow Mine  
  193  17:02  Widow Mine x2  
  193  17:07  Medivac x2  
  193  17:08  Marauder x2, Marine x4  
  176  17:14  Marine x5  
  176  17:15  Marauder x4  
  172  17:21  SCV x4  
  172  17:22  Planetary Fortress  
  176  17:23  Widow Mine x3  
  176  17:25  Marine  
  176  17:27  Marine x3  
  187  17:30  Marauder x2  
  187  17:32  Marine  
  187  17:33  Marauder  
  187  17:34  Marine x2  
  187  17:36  Marauder x3  
  198  17:37  Medivac  
  198  17:39  Command Center  
  200  18:03  Marine x2  
  200  18:04  Marauder x3, Marine x4  
  200  18:05  Widow Mine  
  199  18:08  Marine x4  
  199  18:09  Marauder x2  
  199  18:11  Widow Mine x2, Medivac x2  
  191  18:21  Marine x6  
  191  18:25  Marauder  
  191  18:26  Marauder, Marine x2  
  197  18:29  Marauder, Marine  
  198  18:39  Marine x2  
  198  18:41  Medivac, Command Center  
  199  18:42  Marauder, Marine x3  
  199  18:47  Marauder  
  152  19:02  Marine x2  
  152  19:03  Marauder x3, Marine x2  
  152  19:08  Widow Mine x3, Medivac  
  163  19:11  Marine x6  
  163  19:12  Marauder x2  
  173  19:20  Marine x3  
Tags
 
Add a new tag
Caveats
  • Supply blocks, unpowered buildings, or Contaminate may cause inaccurate times.
  • Supply counts are checked every 10 seconds.